 Dungeon Crawl Stone Soup version 0.14.0-12-g87ee3b7 (webtiles) character file.

696 Qrupt the Chiller (level 7, -4/46 HPs)
             Began as a Merfolk Ice Elementalist on Apr 17, 2014.
             Slain by Duvessa
             ... wielding a +0,+0 short sword
              (15 damage)
             ... on Level 4 of the Dungeon.
             The game lasted 00:19:38 (5214 turns).

Qrupt the Chiller (Merfolk Ice Elementalist)        Turns: 5214, Time: 00:19:38

HP  -4/46        AC  3     Str  8      XL: 7   Next: 25%
MP  15/18        EV 13     Int 17      God:
Gold 161         SH  0     Dex 14      Spells:  3 memorised, 10 levels left

rFire  + . .     SeeInvis .     n - +0,+1 trident (vamp)
rCold  . . .     Clarity  .     u - +1 robe {rF+}
rNeg   . . .     Conserve .     (no shield)
rPois  .         rCorr    .     (no helmet)
rElec  .         rRot     .     (no cloak)
SustAb . .       Spirit   .     (no gloves)
rMut   .         Warding  .     (no boots)
Saprov . . .     Stasis   .     (no amulet)
MR     .....                    (no ring)
                                (no ring)

@: not resistant to hostile enchantments, fairly stealthy
A: change form in water, swift swim
a: no special abilities


You were on level 4 of the Dungeon.
You were not hungry.

You visited 1 branch of the dungeon, and saw 4 of its levels.

You collected 161 gold pieces.

Inventory:

Hand weapons
 d - a +0,+0 dagger
 n - a +0,+1 vampiric trident (weapon)
Armour
 a - a +0 robe
 u - a +1 robe of fire resistance (worn)
Magical devices
 t - a wand of lightning (5)
Comestibles
 c - 2 bread rations
Scrolls
 f - a scroll of blinking
 g - a scroll of amnesia {unknown}
 h - 2 scrolls of identify
 j - a scroll of remove curse
 k - a scroll of fear
 l - 2 scrolls of teleportation
 x - a scroll of recharging {unknown}
Jewellery
 p - an uncursed ring of protection from magic {unknown}
 q - an uncursed amulet of rage {unknown}
Potions
 e - a potion of berserk rage {unknown}
 i - 2 potions of curing
 m - 2 potions of confusion
 o - a potion of flight {unknown}
 s - a potion of lignification {unknown}
 v - a potion of agility {unknown}
 w - a potion of resistance {unknown}
 z - a potion of poison {unknown}
Books
 b - a book of Frost

   Spells                             Type                      Level
   *Freeze                            Ice                          1
   *Throw Frost                       Conjuration/Ice              2
   *Ozocubu's Armour                  Charms/Ice                   3
   Throw Icicle                       Conjuration/Ice              4
   Summon Ice Beast                   Ice/Summoning                4
   Condensation Shield                Ice                          4


   Skills:
 - Level 2.6 Dodging
 - Level 2.1 Stealth
 - Level 5.0 Spellcasting
 + Level 3.4 Conjurations
 - Level 5.0 Ice Magic


You had 10 spell levels left.
You knew the following spells:

 Your Spells              Type           Power        Failure   Level  Hunger
a - Freeze                Ice            ###.         1%          1    None
b - Throw Frost           Conj/Ice       ###...       4%          2    #......
c - Ozocubu's Armour      Chrm/Ice       ##........   17%         3    ###....


Dungeon Overview and Level Annotations

Branches:
Dungeon (4/15)
 Temple: D:4-7

Altars:
Fedhas
Yredelemnul

Shops:
D:4 }

Annotations:
D:2 exclusion: oklob plant
D:4 Duvessa


Message History

Confirm with . or Enter, or press ? or * to list all spells.
Aiming: Freeze
Press: ? - help, Shift-Dir - straight line, f/p - Duvessa
Aim: Duvessa, wielding a short sword (lightly wounded, berserk)
You freeze Duvessa.
Duvessa is moderately wounded.
Duvessa hits you with a short sword.
* * * LOW HITPOINT WARNING * * *
Casting: Freeze
Confirm with . or Enter, or press ? or * to list all spells.
Aiming: Freeze
Press: ? - help, Shift-Dir - straight line, f/p - Duvessa
Aim: Duvessa, wielding a short sword (moderately wounded, berserk)
You freeze Duvessa.
Duvessa is heavily wounded.
Duvessa closely misses you. Duvessa hits you with a short sword!
* * * LOW HITPOINT WARNING * * *
Drink which item? (? for menu, Esc to quit)
You feel better. Duvessa hits you with a short sword!
You die...

....###..)..###.....##.#.#..
≈≈≈...##...##...≈≈§..#.#e#
≈≈≈≈...........≈≈≈≈≈.#...#
≈≈≈...##...##...≈≈§..#.e.#
....###.....###.....##...#..
#####...(.....#######........
.....)..(............%.......
...........##.##.#.####......
.......)).......@e...>.....?
##.#..##<.###.##.#.####... .
#.#..##))###.##.#.#
#.#..##..##.......#
##.#..##..##.......#
...................#
##.#..##..##%......#
##....##..##.......###
..........>............


You could see Duvessa (berserk).

Vanquished Creatures
  An ogre (D:4)
  Dowan (D:4)
  2 big fish (D:2)
  A crimson imp (D:4)
  A goliath beetle (D:4)
  2 orc wizards (D:4)
  A worker ant (D:4)
  Jessica (D:3)
  7 adders
  A giant mite (D:3)
  A white imp (D:4)
  4 worms
  13 orcs
  9 bats
  3 giant cockroaches
  12 hobgoblins
  6 jackals (D:3)
  11 kobolds
  A quokka (D:3)
  A ball python (D:1)
  4 giant geckos
  5 giant newts
  11 goblins
  9 rats
  A spectral orc (D:2)
109 creatures vanquished.

Notes
Turn   | Place    | Note
--------------------------------------------------------------
     0 | D:1      | Qrupt, the Merfolk Ice Elementalist, began the quest for the Orb.
     0 | D:1      | Reached XP level 1. HP: 13/13 MP: 3/3
   290 | D:1      | Reached XP level 2. HP: 19/19 MP: 1/4
   382 | D:1      | Reached skill level 4 in Ice Magic
   507 | D:1      | Learned a level 2 spell: Throw Frost
   863 | D:1      | Reached XP level 3. HP: 20/24 MP: 1/6
  1435 | D:2      | Reached skill level 5 in Ice Magic
  1571 | D:2      | Reached XP level 4. HP: 27/30 MP: 5/8
  1710 | D:2      | Found a basalt altar of Yredelemnul.
  1853 | D:2      | Found a blossoming altar of Fedhas.
  2027 | D:2      | Reached XP level 5. HP: 23/35 MP: 1/11
  2754 | D:2      | Noticed an oklob plant
  3436 | D:3      | Noticed Jessica
  3442 | D:3      | Killed Jessica
  3524 | D:3      | Reached XP level 6. HP: 41/41 MP: 9/15
  3866 | D:3      | Learned a level 3 spell: Ozocubu's Armour
  3925 | D:4      | Reached skill level 5 in Spellcasting
  4102 | D:4      | Reached skill level 1 in Conjurations
  4643 | D:4      | Found Qeanofim's Gadget Boutique.
  4651 | D:4      | Reached XP level 7. HP: 44/46 MP: 10/18
  4729 | D:4      | Noticed Dowan
  4744 | D:4      | Killed Dowan
  4755 | D:4      | Noticed Duvessa
  5214 | D:4      | Slain by Duvessa

Action                   |  1- 3 |  4- 6 |  7- 9 || total
-------------------------+-------+-------+-------++-------
Melee: Unarmed           |     7 |       |       ||     7
       Dagger            |    27 |    37 |       ||    64
       Trident           |       |    12 |    24 ||    36
 Cast: Freeze            |    44 |   133 |    22 ||   199
       Throw Frost       |       |    10 |     4 ||    14
Evoke: Wand              |       |     1 |       ||     1
  Use: Scroll            |       |    10 |       ||    10
       Potion            |       |       |     1 ||     1
 Stab: Distracted        |       |     1 |       ||     1
